 Dungeon Crawl Stone Soup version 0.31-a0-931-g7b59d4eb97 (webtiles) character file.

Game seed: 10420992603864706811

618 kae the Vexing (level 7, -7/46 HPs)
             Began as a Demonspawn Enchanter on Oct 19, 2023.
             Mangled by an ogre
             ... wielding a +0 giant club
              (24 damage)
             ... on level 5 of the Dungeon.
             The game lasted 00:07:18 (4682 turns).

kae the Vexing (Demonspawn Enchanter)               Turns: 4682, Time: 00:07:19

Health: -7/46      AC: 11    Str:  9    XL:     7   Next: 21%
Magic:  10/20      EV: 11    Int: 18    God:
Gold:   205        SH:  5    Dex: 18    Spells: 7/12 levels left

rFire   . . .        s - +8 dagger "Rog Hiy" {elec, Will- rCorr Dex+5}
rCold   . . .        h - +0 buckler
rNeg    . . .        b - +0 robe
rPois   .            (helmet restricted)
rElec   .            (no cloak)
rCorr   +            (no gloves)
SInv    .            (no boots)
Will    .....        (no amulet)
Stlth   +++          W - ring of magical power
HPRegen 0.27/turn    (no ring)
MPRegen 0.17/turn

%: no passive effects
@: sanguine armoured
A: antennae 2, foul stench 1, sanguine armour 2
a: no special abilities


You were on level 5 of the Dungeon.
You visited 1 branch of the dungeon, and saw 5 of its levels.

You collected 373 gold pieces.
You spent 168 gold pieces at shops.


Innate Abilities, Weirdness & Mutations

You have a pair of antennae on your head.
You may rarely emit foul miasma when damaged in melee.
When seriously injured, your blood forms thick armour. (AC +9)


   Skills:
 * Level 3.6 Short Blades
 - Level 1.7 Dodging
 + Level 3.8 Stealth
 - Level 2.0 Shields
 + Level 3.1 Spellcasting
 * Level 4.9 Hexes
 + Level 2.0 Ice Magic


You had 7 spell levels left.
You knew the following spells:

 Your Spells              Type           Power      Damage    Failure   Level
a - Ensorcelled Hibernat  Hex/Ice        30%        N/A       9%          2
b - Confusing Touch       Hex            20%        N/A       10%         3

Your spell library contained the following spells:

 Spells                   Type           Power      Damage    Failure   Level
 Tukima's Dance           Hex            20%        N/A       10%         3
 Necrotise                Necr           8%         1d4       24%         1
 Dazzling Flash           Conj/Hex       22%        N/A       26%         3
 Gell's Gravitas          Tloc           2%         N/A       58%         3
 Stone Arrow              Conj/Erth      4%         3d7       58%         3
 Teleport Other           Tloc           2%         N/A       58%         3
 Animate Armour           Summ/Erth      4%         N/A       94%         4
 Dispersal                Tloc           1%         N/A       100%        6
 Lehudib's Crystal Spear  Conj/Erth      1%         10d2      100%        8

Inventory:

Hand Weapons
 a - a +2 dagger of flaming
 q - the +3 falchion of Destiny {freeze, rF+ rCorr}
   (You found it on level 3 of the Dungeon)

   rF+:       It protects you from fire.
   rCorr:     It protects you from acid and corrosion.
 s - the +8 dagger "Rog Hiy" (weapon) {elec, Will- rCorr Dex+5}
   (You found it on level 3 of the Dungeon)

   Dex+5:     It affects your dexterity (+5).
   Will-:     It decreases your willpower.
   rCorr:     It protects you from acid and corrosion.
Missiles
 d - 2 darts of dispersal {=f!f}
 f - 53 stones
 o - 3 boomerangs
Armour
 b - a +0 robe (worn)
 h - a +0 buckler (worn)
   (You bought it in a shop on level 2 of the Dungeon)
Magical Staves
 v - a staff of air {!a}
   (You found it on level 5 of the Dungeon)
Jewellery
 u - the ring "Ogoppouc" {Fly Dex+3}
   (You found it on level 4 of the Dungeon)

   [ring of flight]

   Dex+3:     It affects your dexterity (+3).
   Fly:       It grants you flight.
 W - a ring of magical power (left hand)
   (You found it on level 3 of the Dungeon)
Wands
 t - a wand of paralysis (2)
   (You found it on level 4 of the Dungeon)
Scrolls
 i - a scroll of revelation {unknown}
 k - 3 scrolls of poison {unknown}
 m - 2 scrolls of blinking {!r}
 n - 2 scrolls of identify {@r1}
 p - 2 scrolls of acquirement {unknown}
Potions
 c - 2 potions of invisibility
 e - 4 potions of curing {@q1}
 g - a potion of lignification {unknown}
 j - a potion of ambrosia
 l - a potion of mutation {!q}
 r - a potion of magic {unknown}

Dungeon Overview and Level Annotations

Branches:
Dungeon (5/15) Zot: 25340  Temple (0/1) D:5

Altars:
Cheibriados
Kikubaaqudgha
Sif Muna
Vehumet

Shops:
D:2 =[:   D:3 *

Annotations:
D:2 Terence

### # #.. #.. { #.. #...
### ####.. #...#######.#
###.....
#.O@......###...##..
###.......##..####.#
#.......##.##.....
####.................
#............##......
#####.####.#####...#.....
#####.....####.#
###.......
###.....######...###
##...... #...#####
##....<######......


You could see an ogre.


Message History

Found an escape hatch in the ceiling.
An iguana comes into view.
An iguana is nearby!
An iguana is nearby!
You barely miss the iguana. The iguana bites you. 😕 HP[-2]
You take 2 damage, and now have 44/46 hp.
You hit the iguana. The iguana misses you.
You hit the iguana.
The iguana hisses menacingly.
The iguana misses you. 😕 HP[+1]
An iguana is nearby!
You hit the iguana. You block the iguana's attack.
You hit the iguana but do no damage.
An iguana is nearby!
An iguana is nearby!
You hit the iguana but do no damage. The iguana bites you.
You hit the iguana. You block the iguana's attack. 😕 HP[-4]
You take 4 damage, and now have 41/46 hp.
An iguana is nearby!
You closely miss the iguana. You block the iguana's attack.
You hit the iguana. The iguana misses you. 😕 HP[+1]
An iguana is nearby!
You closely miss the iguana. You block the iguana's attack.
You closely miss the iguana. You block the iguana's attack. 😕 HP[+1]
An iguana is nearby!
You hit the iguana.
You kill the iguana!
No target in view!
n - 2 scrolls of identify {@r1} (gained 1)
You now have 205 gold pieces (gained 15).
Found a stone staircase leading up. 😎 HP[+3]
Your hp is fully restored (46).
No target in view!
No target in view!
k - 3 scrolls labelled SIBUPOACEZ (gained 1)
You see here 4 large rocks {=f}.
Found a stone staircase leading down.
v - a staff of air {!a}
Found a staircase to the Ecumenical Temple.
You sense a monster nearby.
An ogre comes into view. It is wielding a +0 giant club.
An ogre is nearby!
An ogre is nearby!
The ogre shouts!
You hit the ogre.
The ogre hits you with a +0 giant club. 😕 HP[-2]
You take 2 damage, and now have 44/46 hp.
Casting: Ensorcelled Hibernation (safe; 9% risk of failure)
Confirm with . or Enter, or press ? or * to list all spells.
Aiming: Ensorcelled Hibernation (safe; 9% risk of failure)
Press: ? - help, Shift-Dir - straight line, f - ogre
Aim: an ogre, wielding a +0 giant club (lightly wounded, chance to affect: 49%)
The ogre resists with some effort. 😕 MP[-2]
You lost 2 mp, and now have 18/20 mp.
Casting: Ensorcelled Hibernation (safe; 9% risk of failure)
Confirm with . or Enter, or press ? or * to list all spells.
Aiming: Ensorcelled Hibernation (safe; 9% risk of failure)
Press: ? - help, Shift-Dir - straight line, f/p - ogre
Aim: an ogre, wielding a +0 giant club (lightly wounded, chance to affect: 49%)
The ogre resists with some effort.
The ogre completely misses you. 😕 MP[-2]
You lost 2 mp, and now have 16/20 mp.
Casting: Ensorcelled Hibernation (safe; 9% risk of failure)
Confirm with . or Enter, or press ? or * to list all spells.
Aiming: Ensorcelled Hibernation (safe; 9% risk of failure)
Press: ? - help, Shift-Dir - straight line, f/p - ogre
Aim: an ogre, wielding a +0 giant club (lightly wounded, chance to affect: 49%)
The ogre resists with some effort.
The ogre hits you with a +0 giant club!!
Ouch! That really hurt!
* * * LOW HITPOINT WARNING * * *
Your blood congeals into armour. 😨 HP[-28] MP[-2]
You take 28 damage, and now have 16/46 hp.
MASSIVE DAMAGE!! (PAUSE)
You lost 2 mp, and now have 14/20 mp.
Casting: Ensorcelled Hibernation (safe; 9% risk of failure)
Confirm with . or Enter, or press ? or * to list all spells.
Aiming: Ensorcelled Hibernation (safe; 9% risk of failure)
Press: ? - help, Shift-Dir - straight line, f/p - ogre
Aim: an ogre, wielding a +0 giant club (lightly wounded, chance to affect: 49%)
The ogre resists with some effort. 😨 HP[+1] MP[-2]
You lost 2 mp, and now have 12/20 mp.
Casting: Ensorcelled Hibernation (safe; 9% risk of failure)
Confirm with . or Enter, or press ? or * to list all spells.
Aiming: Ensorcelled Hibernation (safe; 9% risk of failure)
Press: ? - help, Shift-Dir - straight line, f/p - ogre
Aim: an ogre, wielding a +0 giant club (lightly wounded, chance to affect: 49%)
The ogre resists with some effort.
The ogre hits you with a +0 giant club!!
Ouch! That really hurt!
You die...

Skill      XL: |  1  2  3  4  5  6  7 |
---------------+----------------------+-----
Short Blades   | 1 2 3 |  3.6
Stealth        | 3 |  3.8
Ice Magic      | 1 2 |  2.0
Shields        | 1 2 |  2.0
Hexes          | 4 |  4.9
Spellcasting   | 3 |  3.1
Dodging        | |  1.7

Action                     |  1- 3 |  4- 6 |  7- 9 || total
---------------------------+-------+-------+-------++-------
  Melee: Dagger            |   146 |   195 |    15 ||   356
         Punch             |     1 |       |       ||     1
   Cast: Ensorcelled Hiber |    14 |    28 |     6 ||    48
    Use: Scroll            |     4 |     5 |       ||     9
         Potion            |       |     2 |       ||     2
   Stab: Sleeping          |    14 |    24 |     1 ||    39
 Armour: Robe              |    77 |    91 |     6 ||   174
  Dodge: Dodged            |    70 |   107 |     5 ||   182
  Block: Buckler           |     6 |    32 |     5 ||    43

Levels and vault maps discovered:
D:1:      moated_graveyard_arrival, layout_rooms, shapermc_ecumenical_altar_venn
D:2:      layout_basic, serial_shops, nicolae_shop_tiny_glass,
          nicolae_shop_gaudy_bauble, shop, uniq_terence
D:3:      layout_loops_cross, nicolae_overflow_crystal_walls, serial_shops,
          shop, minmay_fractal_squares_gapless_5, uniq_jessica
D:4:      layout_loops_ring, grunt_temple_overflow_magic_moments,
          cheibrodos_gnoll_hut
D:5:      layout_rooms, lemuel_coloured_pillars_altar,
          minmay_temple_entry_from_below_b, ebering_ghost_reflecting_pool

Notes
Turn   | Place    | Note
-------+----------+-------------------------------------------
     0 | D:1      | kae the Demonspawn Enchanter began the quest for the Orb.
     0 | D:1      | Reached XP level 1. HP: 13/13 MP: 3/3
     0 | D:1      | magus.rc [v1.11.3]
    80 | D:1      | Reached skill level 1 in Short Blades
   134 | D:1      | Gained mutation: When seriously injured, your blood forms
                  | armour. (AC +9) [demonic ancestry]
   134 | D:1      | Reached XP level 2. HP: 14/19 MP: 5/5
   164 | D:1      | Learned a level 2 spell: Ensorcelled Hibernation
   373 | D:1      | Found a faded altar of an unknown god.
   421 | D:1      | You pick up a book of Armaments and begin reading...
   421 | D:1      | You add the spells Stone Arrow, Animate Armour and
                  | Lehudib's Crystal Spear to your library.
   440 | D:1      | HP: 2/19 [gnoll/+0 spear (5)]
   442 | D:1      | Reached XP level 3. HP: 3/24 MP: 1/6
   551 | D:1      | Learned a level 3 spell: Confusing Touch
   743 | D:1      | Reached skill level 3 in Stealth
   763 | D:1      | magus.rc [v1.11.3]
   968 | D:2      | Noticed Terence
  1010 | D:2      | Found Zoefum's Armour Boutique.
  1074 | D:2      | Bought a +0 buckler for 45 gold pieces
  1115 | D:2      | You add the spells Gell's Gravitas, Teleport Other and
                  | Dispersal to your library.
  1120 | D:2      | Found Bobuteucwu's Book Shoppe.
  1721 | D:2      | Reached skill level 2 in Short Blades
  1748 | D:2      | Found Lourot's Jewellery Emporium.
  1959 | D:3      | Gained mutation: You may rarely emit foul miasma when
                  | damaged in melee. [demonic ancestry]
  1959 | D:3      | Reached XP level 4. HP: 28/30 MP: 7/7
  2298 | D:3      | Reached skill level 1 in Ice Magic
  2304 | D:3      | Gained mutation: You have a pair of small antennae on your
                  | head. [demonic ancestry]
  2304 | D:3      | Reached XP level 5. HP: 24/35 MP: 8/8
  2385 | D:3      | Found Untitub's General Store.
  2390 | D:3      | Bought a scroll of blinking for 97 gold pieces
  2390 | D:3      | Bought a scroll of identify for 26 gold pieces
  2460 | D:3      | Reached skill level 1 in Shields
  2460 | D:3      | Reached skill level 4 in Hexes
  2610 | D:3      | Noticed Jessica
  2646 | D:3      | Found a snail-covered altar of Cheibriados.
  2652 | D:3      | Killed Jessica
  2838 | D:3      | HP: 7/35 [ufetubus (4)]
  2855 | D:3      | Identified the +3 falchion of Destiny {freeze, rF+ rCorr}
  2965 | D:3      | Identified the +8 dagger "Rog Hiy" {elec, Will- rCorr
                  | Dex+5}
  3009 | D:4      | Identified the "Hoxoal"
  3009 | D:4      | Identified the of Ozyr
  3009 | D:4      | Identified the of Xakh
  3194 | D:4      | Gained mutation: You have a pair of antennae on your head.
                  | [demonic ancestry]
  3194 | D:4      | Reached XP level 6. HP: 41/41 MP: 10/10
  3206 | D:4      | Identified the ring "Ogoppouc" {Fly Dex+3}
  3289 | D:4      | Reached skill level 3 in Short Blades
  3741 | D:4      | Found an ancient bone altar of Kikubaaqudgha.
  3745 | D:4      | Found a shimmering blue altar of Sif Muna.
  3747 | D:4      | Found a radiant altar of Vehumet.
  4033 | D:5      | Entered Level 5 of the Dungeon
  4235 | D:5      | Reached skill level 3 in Spellcasting
  4294 | D:5      | Reached skill level 2 in Shields
  4294 | D:5      | Gained mutation: When seriously injured, your blood forms
                  | thick armour. (AC +9) [demonic ancestry]
  4294 | D:5      | Reached XP level 7. HP: 20/46 MP: 11/11
  4400 | D:5      | Reached skill level 2 in Ice Magic
  4619 | D:5      | Found a staircase to the Ecumenical Temple.
  4682 | D:5      | Mangled by an ogre

Vanquished Creatures
  An ogre (D:5)
  3 hounds (D:4)
  An orc priest (D:3)
  Jessica (D:3)
  4 iguanas
  An orc wizard (D:3)
  8 gnolls
  7 adders
  An ufetubus (D:3)
  A worm (D:3)
  7 dart slugs
  12 orcs (D:3)
  9 endoplasms
  3 giant cockroaches
  5 goblins
  9 hobgoblins
  2 jackals (D:1)
  6 kobolds
  3 quokkas
  8 ball pythons
  6 bats
  2 frilled lizards (D:3)
  4 rats
104 creatures vanquished.

Table legend:
 A = Non-vault XP
 B = Vault XP
 C = Vault XP percentage of total XP
 D = Non-vault monster count
 E = Vault monster count
 F = Vault count percentage of total count
                 A         B        C        D         E       F
            +---------+---------+-------+---------+---------+-------
      Total |     729 |     154 |  17.4 |      95 |       9 |   8.7
            +---------+---------+-------+---------+---------+-------
        D:1 |      51 |       0 |   0.0 |      20 |       0 |   0.0
        D:2 |      43 |       0 |   0.0 |      18 |       0 |   0.0
        D:3 |     178 |      55 |  23.6 |      30 |       6 |  16.7
        D:4 |     182 |      99 |  35.2 |      19 |       3 |  13.6
        D:5 |     275 |       0 |   0.0 |       8 |       0 |   0.0
            +---------+---------+-------+---------+---------+-------

Skill      XL: |  1  2  3  4  5  6  7 |
---------------+----------------------+-----
Short Blades   | 1 2 3 |  3.6
Stealth        | 3 |  3.8
Ice Magic      | 1 2 |  2.0
Shields        | 1 2 |  2.0
Hexes          | 4 |  4.9
Spellcasting   | 3 |  3.1
Dodging        | |  1.7

Action                     |  1- 3 |  4- 6 |  7- 9 || total
---------------------------+-------+-------+-------++-------
  Melee: Dagger            |   146 |   195 |    15 ||   356
         Punch             |     1 |       |       ||     1
   Cast: Ensorcelled Hiber |    14 |    28 |     6 ||    48
    Use: Scroll            |     4 |     5 |       ||     9
         Potion            |       |     2 |       ||     2
   Stab: Sleeping          |    14 |    24 |     1 ||    39
 Armour: Robe              |    77 |    91 |     6 ||   174
  Dodge: Dodged            |    70 |   107 |     5 ||   182
  Block: Buckler           |     6 |    32 |     5 ||    43

Illustrated notes

Table legend:
 A = Kills in this place as a percentage of kills in the entire game.
 B = Kills by you in this place as a percentage of kills by you in the entire game.
 C = Kills by friends in this place as a percentage of kills by friends in the entire game.
 D = Other kills in this place as a percentage of other kills in the entire game.
 E = Experience gained in this place as a percentage of experience gained in the entire game.
 F = Experience gained in this place divided by the number of levels of this place that you have seen.
                   A       B       C       D       E      F
               +-------+-------+-------+-------+-------+----------------------
         Total | 100.0 | 100.0 |   N/A |   N/A | 100.0 | 176.6
       Dungeon | 100.0 | 100.0 |   N/A |   N/A | 100.0 | 176.6
               +-------+-------+-------+-------+-------+----------------------

Table legend: (Time is in decaauts)
 A = Elapsed time spent in this place.
 B = Non-inter-level travel time spent in this place.
 C = Inter-level travel time spent in this place.
 D = Time resting spent in this place.
 E = Time spent auto-exploring this place.
 F = Levels seen in this place.
 G = Mean time per level.
                   A        B        C        D        E       F      G
               +--------+--------+--------+--------+--------+-----+--------+
         Total |   4658 |   4525 |    133 |    266 |   3424 |   5 |  931.6 |
       Dungeon |   4658 |   4525 |    133 |    266 |   3424 |   5 |  931.6 |
               +--------+--------+--------+--------+--------+-----+--------+

Top non-repeatable levels by time:
     D:4: 1195 daAuts
     D:2: 1165 daAuts
     D:3: 1062 daAuts
     D:1: 763 daAuts
     D:5: 472 daAuts
